 Dungeon Crawl Stone Soup version 0.28-a0-233-gb8ca4b6547 (webtiles) character file.

Game seed: 7956997147979061138

6 Archison the Conjurer (level 1, 0/9 HPs)
             Began as a Spriggan Conjurer on Aug 22, 2021.
             Slain by a goblin (3 damage)
             ... on level 2 of the Dungeon.
             The game lasted 00:00:45 (194 turns).

Archison the Conjurer (Spriggan Conjurer)            Turns: 194, Time: 00:00:46

Health: 0/9        AC:  2    Str:  3    XL:     1   Next: 75%
Magic:  1/5        EV: 17    Int: 19    God:
Gold:   0          SH:  0    Dex: 13    Spells: 4/5 levels left

rFire   . . .      SeeInvis +   (weapon restricted)
rCold   . . .      Faith    .   (shield restricted)
rNeg    . . .      Spirit   .   a - +0 robe
rPois   .          Reflect  .   (helmet restricted)
rElec   .          Harm     .   (no cloak)
rCorr   .          Rampage  .   (gloves unavailable)
Will    .....                   (boots unavailable)
Stlth   ++........              (no amulet)
HPRegen 0.03/turn               (no ring)
MPRegen 0.09/turn               (no ring)

@: flying, very quick
A: very small, no large weapons, unfitting armour, see invisible, speed 3
a: no special abilities


You were on level 2 of the Dungeon.
You visited 1 branch of the dungeon, and saw 2 of its levels.

Inventory:

Armour
 a - a +0 robe (worn)
Scrolls
 b - a scroll of identify {unknown}


   Skills:
 + Level 2.7 Dodging
 + Level 3.0 Stealth
 + Level 2.8 Spellcasting
 + Level 3.1 Conjurations


You had 4 spell levels left.
You knew the following spells:

 Your Spells              Type           Power      Damage    Failure   Level
a - Magic Dart            Conj           56%        1d5       4%          1

Your spell library contained the following spells:

 Spells                   Type           Power      Damage    Failure   Level
 Searing Ray              Conj           28%        3d4       6%          2
 Dazzling Flash           Conj/Hex       16%        N/A       24%         3
 Fulminant Prism          Conj/Hex       4%         3d6       63%         4
 Iskenderun's Mystic Bla  Conj/Tloc      8%         2d4       63%         4


Dungeon Overview and Level Annotations

Branches:
Dungeon (2/15)

Altars:
Okawaru


Innate Abilities, Weirdness & Mutations

You are very small and have problems with some larger weapons.
You are too small for most types of armour.
You have supernaturally acute eyesight. (SInv)
You cover ground extremely quickly. (Speed+++)


Message History

The goblin barely misses you.
You see here a +0 buckler.
There is a stone staircase leading down here.
You climb downwards.
Found a ring mail and a white potion.
Found an iron altar of Okawaru.
Found a stone staircase leading down.
There is a stone staircase leading up here.
Casting: Magic Dart (safe; 4% risk of failure)
Confirm with . or Enter, or press ? or * to list all spells.
Aiming: Magic Dart (safe; 4% risk of failure)
Press: ? - help, Shift-Dir - straight line, f - dart slug
Aim: a dart slug (asleep, 100% to hit)
The magic dart hits the dart slug.
The dart slug is moderately wounded.
A goblin comes into view.
It is wielding a +2 dagger of holy wrath.
The goblin shouts!
Found a sedimented white potion.
You hit the quokka but do no damage. The quokka bites you.
Casting: Magic Dart (safe; 4% risk of failure)
Confirm with . or Enter, or press ? or * to list all spells.
Aiming: Magic Dart (safe; 4% risk of failure)
Press: ? - help, Shift-Dir - straight line, f/p - dart slug
Aim: a dart slug (moderately wounded, 100% to hit)
The magic dart hits the quokka but does no damage.
The quokka closely misses you.
Casting: Magic Dart (safe; 4% risk of failure)
Confirm with . or Enter, or press ? or * to list all spells.
You don't have enough magic to cast this spell.
Unknown command.
The quokka barely misses you. The quokka misses you. The goblin misses you.
The dart slug launches a dart at you. The slug dart misses you.
The goblin hits you with a +2 dagger of holy wrath.
The adder misses you.
It was a potion of flight.
You feel very buoyant.
You fly up into the air.
The adder completely misses you.
The goblin hits you with a +2 dagger of holy wrath.
You die...

..... . ..... . #
.....###. ###..
........# .....
........####.#...
...............#.#.._..#
..!....................#
.......@r..............#
.......gS............#.#
##.##..#................
##....w......[......
###................
#...........<...>
#................
##.####..#....... #.#
#....#.....


You could see an adder, a dart slug, a quokka and a goblin.

Vanquished Creatures
  An endoplasm (D:1)
  A hobgoblin (D:1)
  2 jackals (D:1)
  A frilled lizard (D:1)
5 creatures vanquished.

Notes
Turn   | Place    | Note
-------+----------+-------------------------------------------
     0 | D:1      | Archison the Spriggan Conjurer began the quest for the Orb.
     0 | D:1      | Reached XP level 1. HP: 9/9 MP: 5/5
    15 | D:1      | Found a faded altar of an unknown god.
   169 | D:2      | Found an iron altar of Okawaru.
   194 | D:2      | Slain by a goblin

Illustrated notes

Levels and vault maps discovered:
D:1:      roderic_crossed_star, layout_basic, basic_ecumenical_altar,
          minmay_rat_gold_closets
D:2:      layout_rooms, basic_altar

Skill      XL: |  1 |
---------------+----+-----
Conjurations   | 3 |  3.1
Dodging        | |  2.7
Stealth        | |  3.0
Spellcasting   | |  2.8

Action                   || total
-------------------------++-------
Melee: Unarmed           ||     6
 Cast: Magic Dart        ||    13
  Use: Potion            ||     1
Dodge: Dodged            ||    18

Table legend: (Time is in decaauts)
 A = Elapsed time spent in this place.
 B = Non-inter-level travel time spent in this place.
 C = Inter-level travel time spent in this place.
 D = Time resting spent in this place.
 E = Time spent auto-exploring this place.
 F = Levels seen in this place.
 G = Mean time per level.
                   A        B        C        D        E       F      G
               +--------+--------+--------+--------+--------+-----+--------+
         Total |    137 |    137 |      0 |      0 |     59 |   2 |   68.5 |
       Dungeon |    137 |    137 |      0 |      0 |     59 |   2 |   68.5 |
               +--------+--------+--------+--------+--------+-----+--------+

Top non-repeatable levels by time:
     D:1: 121 daAuts
     D:2: 16 daAuts
